Map: [ESL] Radhuset Station

Players

herO - Winner!

  • Race: Protoss Protoss
  • Spawn Location: 1:00

Maru

  • Race: Terran Terran
  • Spawn Location: 7:00

Event: ESL SC2 Masters 2023 Winter (Finals)

VOD

Have the link to the VOD?

Description

Time

  • Played on: Dec. 16, 2023, 9:20 a.m.
  • Length: 17:25

All games in this series

Show
View Real Time Build Order
Export as new Build Order

herO Protoss - Winner!

Build Orders: Phoenix Opening, Carriers, Colossus Rush 

Get SALT Encoding   

  12  0:01  Probe  
  13  0:13  Probe  
  14  0:18  Pylon  
  14  0:25  Probe (Chrono Boost)  
  15  0:37  Probe (Chrono Boost)  
  15  0:38  Gateway  
  16  0:44  Probe (Chrono Boost)  
  16  0:47  Assimilator  
  17  0:52  Probe (Chrono Boost)  
  17  0:56  Assimilator  
  18  1:04  Probe (Chrono Boost)  
  19  1:09  Pylon  
  19  1:13  Probe (Chrono Boost)  
  19  1:18  Probe  
  21  1:26  Cybernetics Core  
  21  1:30  Probe  
  22  1:42  Probe  
  23  1:55  Nexus  
  23  2:01  Sentry (Chrono Boost)  
  23  2:02  Warp Gate  
  23  2:04  Probe  
  26  2:17  Probe  
  26  2:18  Stalker (Chrono Boost)  
  29  2:23  Pylon  
  30  2:30  Probe  
  30  2:36  Stargate  
  30  2:42  Probe  
  31  2:47  Stalker  
  33  2:54  Probe  
  34  3:02  Pylon  
  34  3:06  Probe  
  34  3:07  Probe  
  36  3:17  Stalker  
  36  3:18  Probe  
  36  3:19  Probe  
  40  3:21  Phoenix (Chrono Boost)  
  42  3:30  Probe  
  42  3:32  Probe  
  44  3:37  Phoenix (Chrono Boost)  
  46  3:44  Probe x2  
  48  3:48  Assimilator  
  48  3:49  Assimilator  
  48  3:55  Phoenix (Chrono Boost)  
  48  3:56  Probe  
  48  3:57  Probe  
  48  4:01  Pylon  
  52  4:06  Robotics Facility  
  52  4:09  Probe x2  
  54  4:20  Phoenix  
  54  4:22  Probe x2  
  58  4:29  Stalker  
  60  4:34  Probe x2  
  62  4:46  Probe x2  
  66  4:54  Immortal (Chrono Boost)  
  66  4:58  Robotics Bay  
  68  5:02  Pylon  
  68  5:03  Nexus  
  68  5:06  Probe  
  69  5:09  Pylon  
  69  5:10  Probe  
  69  5:11  Phoenix  
  70  5:20  Pylon, Probe  
  71  5:21  Stalker  
  71  5:23  Probe  
  74  5:30  Observer (Chrono Boost)  
  74  5:32  Probe  
  74  5:35  Assimilator, Probe  
  77  5:36  Assimilator  
  77  5:40  Shield Battery  
  77  5:44  Probe  
  77  5:45  Colossus (Chrono Boost)  
  77  5:47  Sentry, Probe  
  87  5:52  Extended Thermal Lance  
  87  6:00  Probe x2  
  86  6:12  Probe x2  
  88  6:24  Probe x2  
  90  6:26  Probe  
  90  6:27  Colossus (Chrono Boost)  
  90  6:31  Gateway  
  90  6:32  Gateway  
  97  6:35  Pylon  
  97  6:36  Pylon  
  97  6:38  Probe x2  
  97  6:39  Probe, Phoenix  
  100  6:40  Sentry  
  100  6:45  Protoss Air Weapons Level 1  
  102  6:53  Fleet Beacon  
  102  6:55  Stargate  
  102  6:57  Probe x2  
  102  6:58  Probe  
  105  7:03  Forge  
  105  7:10  Pylon  
  105  7:12  Immortal (Chrono Boost)  
  105  7:13  Probe  
  105  7:14  Probe  
  111  7:16  Probe  
  112  7:26  Probe  
  112  7:27  Probe  
  112  7:28  Pylon, Probe  
  115  7:36  Carrier (Chrono Boost)  
  115  7:38  Protoss Ground Weapons Level 1  
  115  7:39  Carrier (Chrono Boost)  
  115  7:43  Pylon  
  127  7:47  Phoenix x2 (Chrono Boost)  
  127  7:48  Shield Battery  
  127  7:57  Twilight Council  
  127  8:00  Observer, Gateway  
  127  8:03  Nexus  
  127  8:04  Shield Battery  
  128  8:07  Observer, Shield Battery  
  128  8:11  Pylon  
  128  8:17  Photon Cannon  
  128  8:21  Pylon  
  128  8:31  Carrier (Chrono Boost)  
  128  8:32  Carrier (Chrono Boost)  
  139  8:35  Phoenix (Chrono Boost)  
  139  8:45  Blink (Chrono Boost)  
  145  8:51  Photon Cannon  
  145  8:52  Mothership  
  145  8:53  Probe x2  
  145  8:54  Photon Cannon, Pylon  
  147  9:02  Protoss Air Weapons Level 2 (Chrono Boost)  
  147  9:05  Probe  
  147  9:06  Gateway  
  147  9:07  Phoenix (Chrono Boost)  
  147  9:08  Gateway  
  148  9:13  Templar Archives  
  148  9:14  Assimilator  
  148  9:17  Assimilator  
  148  9:19  Probe x3  
  151  9:27  Carrier (Chrono Boost)  
  151  9:31  Probe  
  158  9:38  Carrier (Chrono Boost)  
  158  9:41  Pylon  
  158  9:44  Photon Cannon  
  158  9:45  Photon Cannon, Probe x2  
  166  9:46  Psionic Storm  
  166  9:47  Protoss Ground Weapons Level 2 (Chrono Boost), Probe  
  167  9:57  Probe x2  
  169  10:05  Pylon  
  169  10:07  Warp Prism  
  170  10:21  Carrier (Chrono Boost)  
  170  10:26  Cybernetics Core  
  176  10:28  Gateway  
  176  10:31  Carrier (Chrono Boost)  
  176  10:32  Gateway  
  176  10:34  Gateway  
  176  10:35  High Templar x2  
  186  10:43  Nexus  
  186  10:46  Pylon  
  186  10:49  High Templar  
  188  10:51  High Templar  
  190  10:59  Charge  
  190  11:03  Pylon  
  189  11:14  Photon Cannon  
  189  11:16  Photon Cannon  
  189  11:17  Photon Cannon  
  189  11:19  Photon Cannon  
  189  11:20  Shield Battery  
  189  11:21  Protoss Air Weapons Level 3 (Chrono Boost)  
  189  11:28  Photon Cannon  
  189  11:30  Carrier (Chrono Boost), Protoss Air Armor Level 1 (Chrono Boost)  
  187  11:35  Carrier (Chrono Boost)  
  199  11:40  Observer  
  198  12:06  Stalker  
  189  12:15  Zealot  
  189  12:16  Zealot x4  
  189  12:19  Nexus  
  189  12:21  Pylon  
  191  12:29  Stalker  
  193  12:34  Stalker x3  
  199  12:38  Pylon  
  199  12:40  Observer, Protoss Ground Weapons Level 3 (Chrono Boost)  
  200  12:48  Shield Battery  
  200  12:51  Photon Cannon  
  200  12:59  Photon Cannon  
  200  13:00  Shield Battery  
  200  13:08  Gravitic Boosters  
  200  13:31  Pylon  
  200  13:34  Pylon  
  200  13:35  Pylon  
  200  13:37  Photon Cannon  
  200  13:44  Pylon  
  200  13:52  Nexus  
  200  13:53  Pylon  
  200  13:57  Gateway  
  200  13:58  Gateway  
  200  14:03  Protoss Air Armor Level 2  
  200  14:04  Gateway  
  200  14:05  Gravitic Drive, Gateway  
  200  14:06  Robotics Facility  
  169  14:30  Warp Prism (Chrono Boost)  
  139  14:33  Stalker x6  
  139  14:34  Stalker x3  
  139  14:35  Probe x4  
  144  14:43  Carrier x2  
  132  14:49  Probe x6  
  132  14:56  Observer (Chrono Boost), Stalker x7  
  132  14:57  Stalker x3  
  132  14:59  Stalker  
  149  15:00  Stalker  
  149  15:01  Probe  
  148  15:10  Protoss Ground Armor Level 1 (Chrono Boost)  
  144  15:16  Stalker  
  144  15:20  Stalker x2  
  144  15:21  Stalker x3  
  156  15:27  Stalker x2  
  158  15:37  Stalker  
  130  15:45  Stalker x5  
  140  15:54  Stalker x4  
  140  15:58  High Templar x3  
  146  16:09  High Templar x3, Zealot x2  
  146  16:10  Zealot  
  158  16:14  Archon x3  
  158  16:15  Observer  
  158  16:16  Probe x5  
  158  16:17  Probe  
  165  16:28  Probe x4  
  165  16:29  Probe  
  158  16:33  Sentry x2, Zealot  
  158  16:34  Zealot x7  
  174  16:43  Probe x3  
  181  16:48  Assimilator  
  181  16:49  Assimilator  
  187  17:02  Sentry, Zealot x5  
  199  17:13  Zealot  
  199  17:14  Zealot x2, Pylon  
Show
View Real Time Build Order
Export as new Build Order

Maru Terran 

Build Orders:  

Get SALT Encoding   

  12  0:00  SCV  
  13  0:12  SCV  
  14  0:17  Supply Depot  
  14  0:24  SCV  
  15  0:39  SCV  
  15  0:40  Barracks  
  16  0:43  Refinery  
  16  0:51  SCV  
  17  1:03  SCV  
  18  1:15  SCV  
  19  1:27  Orbital Command, Marine  
  20  1:40  Command Center  
  20  1:51  Factory  
  20  1:55  SCV  
  21  2:02  Barracks Reactor  
  21  2:07  SCV  
  22  2:10  Supply Depot  
  22  2:15  Refinery  
  22  2:19  SCV  
  23  2:32  SCV  
  23  2:35  Hellion  
  26  2:39  Marine, Starport  
  26  2:40  Marine  
  28  2:44  SCV  
  29  2:52  Orbital Command  
  29  2:56  SCV  
  29  2:57  Marine  
  29  2:58  Marine  
  32  3:06  Cyclone  
  32  3:08  SCV  
  35  3:16  Medivac  
  35  3:18  SCV  
  38  3:21  Marine x2  
  38  3:23  SCV  
  41  3:27  Supply Depot  
  41  3:30  SCV  
  42  3:36  SCV  
  42  3:38  Factory Tech Lab  
  43  3:42  SCV  
  43  3:44  Supply Depot  
  43  3:47  Starport Tech Lab  
  43  3:48  SCV  
  45  3:54  SCV  
  46  3:59  Siege Tank  
  46  4:00  SCV  
  46  4:02  Bunker  
  50  4:06  SCV  
  50  4:08  Raven  
  53  4:12  Barracks, SCV  
  54  4:18  SCV  
  54  4:22  Marine x2, Refinery  
  57  4:24  SCV  
  57  4:30  SCV  
  57  4:36  SCV  
  57  4:38  Command Center  
  56  4:42  SCV  
  56  4:45  Marine x2  
  59  4:48  Cyclone, SCV  
  60  4:54  SCV  
  60  4:58  Supply Depot, Engineering Bay  
  61  5:02  SCV  
  62  5:09  Stimpack  
  62  5:10  Supply Depot  
  62  5:14  SCV  
  62  5:15  Marine, SCV  
  62  5:16  Barracks  
  62  5:17  Marine  
  62  5:19  Marine  
  63  5:22  Supply Depot  
  63  5:24  Terran Infantry Weapons Level 1  
  63  5:26  SCV  
  63  5:27  SCV, Widow Mine  
  66  5:28  Starport Reactor  
  66  5:36  Marine x2  
  66  5:37  Marine  
  66  5:38  SCV  
  66  5:40  SCV  
  71  5:44  Missile Turret  
  71  5:47  Missile Turret  
  71  5:48  Siege Tank  
  74  5:50  Orbital Command  
  74  5:52  SCV  
  74  5:54  Marine  
  74  5:55  Refinery  
  76  6:00  SCV  
  77  6:06  SCV  
  77  6:09  Barracks Tech Lab  
  76  6:12  SCV  
  76  6:13  Orbital Command  
  76  6:15  Barracks  
  76  6:16  Barracks  
  77  6:18  SCV  
  77  6:20  Marauder, Marine  
  77  6:22  Siege Tank  
  77  6:24  SCV  
  85  6:28  Supply Depot  
  85  6:31  SCV  
  86  6:34  Missile Turret  
  86  6:36  SCV  
  87  6:40  SCV  
  87  6:41  Marauder  
  87  6:43  SCV  
  87  6:45  Combat Shield  
  87  6:46  Marauder, Marine  
  94  6:48  SCV, Marine  
  96  6:54  Supply Depot, SCV  
  96  6:56  Siege Tank  
  96  7:00  SCV x2  
  102  7:03  Marauder  
  102  7:04  Barracks Reactor, Barracks Tech Lab  
  102  7:06  Supply Depot x2  
  102  7:08  SCV  
  105  7:12  SCV x2  
  105  7:15  Armory, Engineering Bay  
  107  7:18  Terran Infantry Armor Level 1  
  107  7:20  SCV  
  108  7:23  Medivac x2  
  108  7:24  SCV  
  108  7:27  Refinery  
  108  7:28  Siege Tank, Refinery  
  116  7:34  Marauder x3, Marine x2  
  116  7:37  Supply Depot  
  124  7:40  Concussive Shells, SCV x3  
  127  7:46  Missile Turret  
  127  7:47  Supply Depot  
  127  7:51  Command Center  
  127  7:56  SCV x3  
  129  7:59  Viking  
  129  8:00  Viking  
  129  8:04  Terran Infantry Weapons Level 2  
  129  8:05  Terran Ship Weapons Level 1  
  133  8:08  SCV  
  133  8:10  Supply Depot  
  134  8:17  Ghost Academy  
  134  8:18  Command Center  
  134  8:29  Viking  
  134  8:30  Viking  
  138  8:34  Marine  
  138  8:35  Marauder x3, Marine x3  
  151  8:41  Missile Turret  
  151  8:43  Missile Turret  
  151  8:48  Missile Turret  
  151  8:53  Starport  
  151  8:56  Starport  
  151  9:07  Ghost x3  
  151  9:09  Viking x2  
  158  9:14  Fusion Core  
  158  9:15  Missile Turret  
  159  9:17  SCV x3  
  159  9:18  Missile Turret  
  159  9:19  Missile Turret  
  159  9:21  Supply Depot  
  161  9:29  Terran Infantry Armor Level 2  
  161  9:30  Armory  
  161  9:31  Orbital Command  
  161  9:40  Orbital Command  
  161  9:41  Missile Turret, Refinery  
  161  9:48  Viking x2  
  161  9:51  Refinery  
  165  9:55  Starport Tech Lab x2  
  165  10:03  Command Center  
  165  10:07  Sensor Tower  
  165  10:08  SCV x4  
  165  10:12  Terran Ship Weapons Level 2  
  169  10:17  Terran Vehicle And Ship Armor Level 1  
  169  10:21  Battlecruiser  
  175  10:31  Missile Turret  
  175  10:33  Missile Turret x2  
  175  10:34  Missile Turret  
  175  10:36  Battlecruiser  
  175  10:42  Starport  
  181  10:50  Command Center  
  181  10:52  Viking x2  
  185  11:00  Starport  
  184  11:05  Terran Infantry Weapons Level 3  
  184  11:08  Command Center  
  184  11:20  Starport Tech Lab  
  183  11:34  Battlecruiser  
  183  11:35  Viking  
  190  11:40  Orbital Command, Battlecruiser  
  190  11:43  Command Center  
  196  11:52  Starport Reactor  
  196  11:58  Terran Infantry Armor Level 3  
  193  12:10  Battlecruiser  
  186  12:23  Viking  
  186  12:24  Viking  
  186  12:34  Viking x2  
  186  12:36  Sensor Tower  
  186  12:38  Battlecruiser  
  192  12:48  Terran Ship Weapons Level 3  
  192  12:51  Orbital Command  
  192  12:54  Missile Turret  
  192  12:55  Missile Turret x2  
  192  12:56  Weapon Refit  
  192  13:02  Missile Turret  
  192  13:03  Missile Turret x3  
  192  13:04  Missile Turret  
  192  13:11  Orbital Command  
  192  13:14  SCV x4  
  192  13:15  SCV  
  190  13:22  Battlecruiser x2  
  191  13:38  Terran Vehicle And Ship Armor Level 2  
  191  13:39  Viking x3  
  190  13:48  Viking  
  192  14:06  Sensor Tower  
  192  14:07  Battlecruiser  
  192  14:09  Viking  
  200  14:15  Orbital Command  
  175  14:29  Viking, Battlecruiser  
  166  14:34  Viking  
  138  14:41  Viking, Battlecruiser  
  132  14:48  SCV x3  
  132  14:50  Viking  
  131  14:55  Marine  
  131  14:56  Marine x3, Marauder x3  
  131  14:59  Viking  
  143  15:04  Viking  
  145  15:08  Command Center  
  145  15:11  Command Center, Refinery x2  
  145  15:13  Marine x2  
  145  15:14  Marine  
  148  15:16  Marine  
  148  15:17  Marauder x3  
  155  15:25  Viking x2  
  159  15:31  Marine x3  
  160  15:38  Marauder x2  
  160  15:39  Marine, Marauder  
  160  15:42  Medivac x2  
  141  15:49  Marine x2  
  131  15:54  Medivac  
  131  15:55  Medivac  
  127  15:57  Marine  
  127  16:00  Marauder x3  
  130  16:05  Battlecruiser  
  130  16:08  Marine x3  
  129  16:15  Marine  
  129  16:17  Medivac  
  127  16:21  Marauder x3  
  127  16:28  Marine x3  
  126  16:33  Marine  
  126  16:38  Viking  
  124  16:42  Marauder  
  124  16:43  Marauder x2  
  124  16:45  Marine  
  124  16:46  Marine x2  
  133  16:52  Widow Mine  
  135  17:04  Marauder x2  
Tags
 
Add a new tag
Caveats
  • Supply blocks, unpowered buildings, or Contaminate may cause inaccurate times.
  • Supply counts are checked every 10 seconds.